 Dungeon Crawl Stone Soup version 0.29.1-2-gbd0b4ee654 (webtiles) character file.

Game seed: 1733052287992656943

463 GorkyZ the Trooper (level 7, -7/41 HPs)
             Began as a Gargoyle Gladiator on Dec 1, 2022.
             Killed from afar by Dowan (14 damage)
             ... with a shard of ice
             ... on level 4 of the Dungeon.
             The game lasted 00:06:03 (3385 turns).

GorkyZ the Trooper (Gargoyle Gladiator)             Turns: 3385, Time: 00:06:05

Health: -7/41      AC: 12    Str: 19    XL:     7   Next: 7%
Magic:  7/7        EV: 10    Int:  9    God:
Gold:   167        SH:  0    Dex: 11    Spells: 6/6 levels left

rFire   . . .      SeeInvis .   x - +10 spear of Honour {flame, rN+}
rCold   . . .      Faith    .   (no shield)
rNeg    + + .      Spirit   .   y - +0 scale mail
rPois   ∞          Reflect  .   c - +0 helmet
rElec   +          Harm     .   (no cloak)
rCorr   .          Rampage  .   (no gloves)
Will    .....                   (no boots)
Stlth   ..........              (no amulet)
HPRegen 0.13/turn               (no ring)
MPRegen 0.10/turn               (no ring)

@: no status effects
A: sickness immunity, AC +4, negative energy resistance 1, electricity
resistance, torment resistance 1, petrification resistance
a: no special abilities


You were on level 4 of the Dungeon.
You visited 1 branch of the dungeon, and saw 4 of its levels.

You collected 167 gold pieces.

Inventory:

Hand Weapons
 a - a +0 war axe
 q - a +0 great mace
 x - the +10 spear of Honour (weapon) {flame, rN+}
   (You found it on level 3 of the Dungeon)

   It burns those it strikes, dealing additional fire damage.
   rN:        It protects you from negative energy.
Missiles
 d - 3 throwing nets (quivered)
 e - a javelin
 o - 6 boomerangs
 A - 4 poisoned darts
Armour
 b - a +0 leather armour
 c - a +0 helmet (worn)
 j - a +0 plate armour
 w - a +0 ring mail
 y - a +0 scale mail (worn)
Jewellery
 p - an amulet of guardian spirit
 s - a ring of flight
Wands
 t - a wand of digging (5)
 B - a wand of flame (17)
Scrolls
 g - a scroll of amnesia {unknown}
 k - a scroll of teleportation {unknown}
 m - 6 scrolls of identify {unknown}
 n - a scroll of magic mapping {unknown}
 v - a scroll of poison {unknown}
Potions
 f - 3 potions of curing {unknown}
 h - a potion of lignification {unknown}
 i - a potion of haste {unknown}
 l - a potion of cancellation {unknown}
 r - a potion of heal wounds {unknown}
 u - a potion of brilliance {unknown}
 z - a potion of magic {unknown}
 C - a potion of attraction {unknown}
 D - a potion of resistance {unknown}


   Skills:
 + Level 3.4 Fighting
 - Level 3.1(3.4) Axes
 * Level 2.2(3.0) Polearms
 + Level 2.8 Throwing
 + Level 2.6 Armour
 + Level 3.1 Dodging
 + Level 2.7 Shields
 + Level 1.9 Evocations


You had 6 spell levels left.
You didn't know any spells.
Your spell library was empty.

Dungeon Overview and Level Annotations

Branches:
Dungeon (4/15)
 Temple: D:4-7

Altars:

Annotations:
D:4 Dowan


Innate Abilities, Weirdness & Mutations

You are immune to sickness and miasma.
Your stone body is resilient. (AC +4)
You are immune to poison.
You resist negative energy. (rN+)
You are resistant to electric shocks. (rElec)
You are resistant to unholy torment.
You are immune to petrification.


Message History

You are too injured to fight recklessly!
You are too injured to fight recklessly!
You are too injured to fight recklessly!
You are too injured to fight recklessly!
You are too injured to fight recklessly!
Duvessa attacks as you move away!
Duvessa hits you with a +0 short sword of freezing.
Duvessa freezes you.
You hit Duvessa. You burn Duvessa.
Duvessa is severely wounded.
Dowan points at Duvessa and mumbles some strange words.
Duvessa seems to speed up.
You puncture Duvessa! You burn Duvessa.
You kill Duvessa!
Dowan seems overcome with grief.
Dowan seems to find hidden reserves of power!
Your base Polearms skill increases to level 2!
You have reached level 7!
You miss Dowan.
Dowan hits you with a +3 dagger of freezing.
* * * LOW HITPOINT WARNING * * *
Dowan freezes you.
* * * LOW HITPOINT WARNING * * *
Dowan breathes, "And she was my only..."
Dowan points at you and mumbles some strange words.
The stone arrow misses you.
You puncture Dowan! You burn Dowan.
Dowan is heavily wounded.
Dowan casts a spell.
Dowan blinks!
Dowan casts a spell.
Dowan blinks!
As you open the door, it creaks loudly!
Dowan says, "How can I live without her?"
Dowan gestures at you while chanting. The stone arrow hits you.
* * * LOW HITPOINT WARNING * * *
Dowan casts a spell at you. The shard of ice hits you!
You die...

###.#.##.# #.# #...
#......# #.# ###..#
###.#### #.# #..... ##'##
#.# #.#### ##...## #.#
###e# ##.....## #.####...#
##......<## ##......#.##+#
#.........####...##.##)#...
+.........@.e..........'...
#.........####...##.##.#...
##.......## ##........####
##.....## #............
##...## #.###.##.#.## ##+##
#.###.##...## #.##..##.###
#..<.....# #.##.###.#


You could see Dowan (fast).

Vanquished Creatures
  Eustachio (D:4)
  Duvessa (D:4)
  A phantom (D:4)
  A hound (D:4)
  5 gnolls
  An adder (D:2)
  2 worms (D:4)
  2 dart slugs
  An orc (D:4)
  4 ball pythons
  6 endoplasms
  3 giant cockroaches (D:2)
  4 goblins
  A hobgoblin (D:2)
  2 jackals (D:1)
  5 quokkas
  2 bats
  5 frilled lizards
  5 kobolds
  4 rats
56 creatures vanquished.

Vanquished Creatures (others)
  A plant (D:3)
1 creature vanquished.

Grand Total: 57 creatures vanquished

Notes
Turn   | Place    | Note
-------+----------+-------------------------------------------
     0 | D:1      | GorkyZ the Gargoyle Gladiator began the quest for the Orb.
     0 | D:1      | Reached XP level 1. HP: 12/12 MP: 1/1
   135 | D:1      | Reached XP level 2. HP: 13/17 MP: 2/2
  1073 | D:2      | Reached skill level 1 in Armour
  1079 | D:2      | Reached XP level 3. HP: 14/22 MP: 3/3
  1228 | D:2      | Reached skill level 1 in Shields
  2148 | D:3      | Reached XP level 4. HP: 17/27 MP: 4/4
  2151 | D:3      | Identified the +10 spear of Honour {flame, rN+}
  2430 | D:3      | Found a faded altar of an unknown god.
  2847 | D:4      | Noticed a phantom
  2851 | D:4      | Killed a phantom
  2852 | D:4      | Reached skill level 1 in Evocations
  2852 | D:4      | Reached XP level 5. HP: 32/32 MP: 5/5
  2935 | D:4      | Noticed Eustachio
  2954 | D:4      | Killed Eustachio
  2955 | D:4      | Reached skill level 1 in Polearms
  2955 | D:4      | Reached XP level 6. HP: 32/37 MP: 6/6
  3361 | D:4      | Noticed Duvessa
  3362 | D:4      | Noticed Dowan
  3370 | D:4      | Killed Duvessa
  3371 | D:4      | Reached XP level 7. HP: 14/41 MP: 7/7
  3385 | D:4      | Killed from afar by Dowan

Illustrated notes

Levels and vault maps discovered:
D:1:      roderic_octagonal_star, layout_basic
D:2:      layout_rooms
D:3:      cheibrodos_old_hovel, layout_loops_corners,
          shapermc_ecumenical_altar_notcrosses
D:4:      dreamdust_elfheim, layout_loops_corners, uniq_eustachio

Skill      XL: |  1  2  3  4  5  6 |
---------------+-------------------+-----
Armour         | 1 2 |  2.6
Throwing       | 2 |  2.8
Shields        | 1 2 |  2.7
Axes           | 3 |  3.1
Evocations     | 1 |  1.9
Fighting       | 3 |  3.4
Polearms       | 1 2 |  2.2
Dodging        | 3 |  3.1

Action                   |  1- 3 |  4- 6 |  7- 9 || total
-------------------------+-------+-------+-------++-------
Melee: War axe           |   117 |     1 |       ||   118
       Punch             |     1 |       |       ||     1
       Spear             |       |    58 |     2 ||    60
Armor: Leather armour    |    53 |       |       ||    53
       Ring mail         |     7 |       |       ||     7
       Scale mail        |       |    24 |       ||    24
Dodge: Dodged            |    77 |    23 |     1 ||   101
